[Event "WYCC U16 Open 2019"]
[Site "Mumbai"]
[Date "2019.10.03"]
[Round "2.1"]
[White "Raahul V S"]
[Black "Niemann, Hans Moke"]
[Result "0-1"]
[ECO "A27"]
[WhiteElo "2262"]
[BlackElo "2439"]
[Annotator "NA"]
[PlyCount "88"]
[EventDate "2019.10.02"]
[EventType "swiss"]
[EventCountry "IND"]
[SourceTitle "playchess.com"]
[Source "ChessBase"]
[SourceQuality "1"]
[TimeControl "40/5400+30:1800+30"]

1. c4 e5 2. Nc3 Nc6 3. Nf3 g6 4. d4 exd4 5. Nxd4 Bg7 6. Nc2 Nf6 7. e4 O-O 8. Be2 Re8 9. f3 d6 10. O-O Be6 11. Be3 Nd7 12. Qd2 Nde5 13. Nd5 f5 14. Bg5 Qd7 15. exf5 Bxf5 16. Nce3 Nd4 17. Nxf5 gxf5 18. Bd3 Qf7 19. Rae1 c6 20. Ne3 Qg6 21. f4 Nxd3 22. Qxd3 h6 23. Bh4 Qh5 24. Bf2 Re4 25. Kh1 Rae8 26. Bg1 Bf6 27. g3 Nf3 28. Qd1 Rxe3 29. Rxe3 Rxe3 30. Kg2 Nh4+ 31. gxh4 Re2+ 32. Kh1 Qg4 33. Rf2 Rxf2 34. Qxg4+ fxg4 35. Bxf2 Bxb2 36. Bxa7 Kf7 37. h3 gxh3 38. Kh2 Ke6 39. Kxh3 Kf5 40. Bb8 d5 41. cxd5 cxd5 42. Kg3 h5 43. Ba7 Bf6 44. Bf2 Ke4 0-1

[Event "WYCC U16 Open 2019"]
[Site "Mumbai"]
[Date "2019.10.03"]
[Round "2.2"]
[White "Wartiovaara, Oliver"]
[Black "Avila Pavas, Santiago"]
[Result "1/2-1/2"]
[ECO "B27"]
[WhiteElo "2232"]
[BlackElo "2406"]
[Annotator "NA"]
[PlyCount "61"]
[EventDate "2019.10.02"]
[EventType "swiss"]
[EventCountry "IND"]
[SourceTitle "playchess.com"]
[Source "ChessBase"]
[SourceQuality "1"]
[TimeControl "40/5400+30:1800+30"]

1. e4 c5 2. Nf3 g6 3. d4 cxd4 4. Qxd4 Nf6 5. Nc3 Nc6 6. Qa4 d6 7. e5 Ng4 8. Bf4 Bg7 9. exd6 O-O 10. Bb5 e5 11. Bg3 Qxd6 12. Rd1 Qc5 13. O-O Bf5 14. h3 Nf6 15. Bxc6 Qxc6 16. Qxc6 bxc6 17. Nxe5 Bxc2 18. Rc1 Ne4 19. Bh2 Nxc3 20. Rxc2 Rfe8 21. Rxc3 Bxe5 22. Bxe5 Rxe5 23. Rxc6 Re2 24. Rc7 Rxb2 25. Rd1 a5 26. Rdd7 Rf8 27. a4 Rb1+ 28. Kh2 Rb4 29. Ra7 Rxa4 30. f3 Ra2 31. Rd5 1/2-1/2

[Event "WYCC U16 Open 2019"]
[Site "Mumbai"]
[Date "2019.10.03"]
[Round "2.3"]
[White "Gharibyan, Mamikon"]
[Black "Hilwerda, Jonas"]
[Result "1-0"]
[ECO "E73"]
[WhiteElo "2388"]
[BlackElo "2229"]
[Annotator "NA"]
[PlyCount "69"]
[EventDate "2019.10.02"]
[EventType "swiss"]
[EventCountry "IND"]
[SourceTitle "playchess.com"]
[Source "ChessBase"]
[SourceQuality "1"]
[TimeControl "40/5400+30:1800+30"]

1. d4 Nf6 2. c4 g6 3. Nc3 Bg7 4. e4 d6 5. Be2 O-O 6. Be3 c5 7. d5 e6 8. Nf3 exd5 9. cxd5 Bg4 10. Nd2 Bxe2 11. Qxe2 Na6 12. O-O Nc7 13. h3 b5 14. Nxb5 Nxb5 15. Qxb5 Rb8 16. Qd3 Nd7 17. Rab1 Bxb2 18. Qa6 Qc7 19. Nc4 Be5 20. Qc6 Rbc8 21. Qxc7 Rxc7 22. f4 Bd4 23. Bxd4 cxd4 24. Nxd6 Nf6 25. Rfd1 Rd7 26. e5 Nxd5 27. Rxd4 Nc3 28. Rb2 Rc8 29. Kf2 h5 30. Kf3 Rc5 31. g4 hxg4+ 32. hxg4 Rd5 33. Rb8+ Kh7 34. Ne8 Rxd4 35. Nf6+ 1-0

[Event "WYCC U16 Open 2019"]
[Site "Mumbai"]
[Date "2019.10.03"]
[Round "2.4"]
[White "McGowan, Cameron"]
[Black "Daghli, Arash"]
[Result "0-1"]
[ECO "B31"]
[WhiteElo "2221"]
[BlackElo "2387"]
[Annotator "NA"]
[PlyCount "98"]
[EventDate "2019.10.02"]
[EventType "swiss"]
[EventCountry "IND"]
[SourceTitle "playchess.com"]
[Source "ChessBase"]
[SourceQuality "1"]
[TimeControl "40/5400+30:1800+30"]

1. e4 c5 2. Nf3 Nc6 3. Bb5 g6 4. Bxc6 dxc6 5. d3 Bg7 6. h3 Nf6 7. Nc3 Nd7 8. Be3 e5 9. Qd2 h6 10. O-O b6 11. Nh2 Nf8 12. f4 exf4 13. Bxf4 Ne6 14. Bg3 Qg5 15. Qxg5 hxg5 16. Nf3 Nd4 17. Nxg5 f6 18. Nf3 Nxc2 19. Rac1 Nb4 20. Rcd1 Ba6 21. Ne1 O-O-O 22. Rf3 Bb7 23. a3 Na6 24. Nc2 Nc7 25. Ne2 Ne6 26. Nf4 Nxf4 27. Bxf4 Rhe8 28. Re3 c4 29. d4 c5 30. d5 f5 31. exf5 gxf5 32. Bg5 Bxb2 33. Bxd8 Rxd8 34. Re2 b5 35. Rf2 a5 36. Rxf5 Kc7 37. d6+ Kb6 38. d7 Be4 39. Rf2 Bxc2 40. Rxc2 c3 41. Kf2 b4 42. axb4 cxb4 43. Rd3 a4 44. Re2 a3 45. Re6+ Kc7 46. Re4 Rxd7 47. Rc4+ Kd8 48. Rxd7+ Kxd7 49. Rd4+ Ke6 0-1

[Event "WYCC U16 Open 2019"]
[Site "Mumbai"]
[Date "2019.10.03"]
[Round "2.5"]
[White "Nogerbek, Kazybek"]
[Black "Lumachi, Gabriele"]
[Result "0-1"]
[ECO "C65"]
[WhiteElo "2387"]
[BlackElo "2207"]
[Annotator "NA"]
[PlyCount "88"]
[EventDate "2019.10.02"]
[EventType "swiss"]
[EventCountry "IND"]
[SourceTitle "playchess.com"]
[Source "ChessBase"]
[SourceQuality "1"]
[TimeControl "40/5400+30:1800+30"]

1. e4 e5 2. Nf3 Nc6 3. Bb5 Nf6 4. d3 Bc5 5. c3 O-O 6. O-O d5 7. Bxc6 bxc6 8. Nxe5 dxe4 9. d4 Bd6 10. Nd2 Qe8 11. Ndc4 Nd5 12. Re1 f5 13. f3 Ba6 14. Bd2 Bxc4 15. Nxc4 Qg6 16. Ne5 Bxe5 17. dxe5 Rae8 18. f4 Qh6 19. g3 Qe6 20. c4 Ne7 21. Qe2 Rd8 22. Be3 g5 23. Kh1 Ng6 24. b3 Kh8 25. fxg5 Nxe5 26. Rad1 Kg8 27. Bd4 Rfe8 28. Rf1 Rd6 29. Bxa7 Nf3 30. Be3 Red8 31. Bf4 Rd3 32. Rxd3 Rxd3 33. Rd1 Nd4 34. Qf1 Rf3 35. Qe1 c5 36. Qa5 Qc6 37. Qxc7 Qxc7 38. Bxc7 Rf2 39. Bf4 Nf3 40. g4 e3 41. Bg3 Rd2 42. Rc1 e2 43. Rc3 e1=Q+ 44. Bxe1 Rxh2# 0-1

[Event "WYCC U16 Open 2019"]
[Site "Mumbai"]
[Date "2019.10.03"]
[Round "2.6"]
[White "Utsab Chatterjee"]
[Black "Makarian, Rudik"]
[Result "0-1"]
[ECO "B84"]
[WhiteElo "2211"]
[BlackElo "2386"]
[Annotator "NA"]
[PlyCount "120"]
[EventDate "2019.10.02"]
[EventType "swiss"]
[EventCountry "IND"]
[SourceTitle "playchess.com"]
[Source "ChessBase"]
[SourceQuality "1"]
[TimeControl "40/5400+30:1800+30"]

1. e4 c5 2. Nf3 d6 3. d4 cxd4 4. Nxd4 Nf6 5. Nc3 a6 6. Be2 e6 7. O-O Be7 8. Kh1 O-O 9. f4 Nc6 10. Be3 Qc7 11. Qe1 Nxd4 12. Bxd4 b5 13. a3 Bb7 14. Qg3 Rac8 15. Rad1 Bc6 16. Bd3 e5 17. Be3 Nh5 18. Qh3 Nxf4 19. Bxf4 exf4 20. Rxf4 Bg5 21. Rf2 g6 22. Rdf1 Qd7 23. Qg3 Qe7 24. Qg4 Bd7 25. Qf3 Be6 26. Nd5 Bxd5 27. exd5 Qe3 28. Qg4 f5 29. Qd1 Qd4 30. b3 Rce8 31. Rf3 Re3 32. Rxe3 Bxe3 33. Qe2 Re8 34. c4 bxc4 35. Bxc4 a5 36. a4 Re4 37. g3 Bg5 38. Qd3 Qe5 39. Qc2 Re3 40. Qg2 h5 41. Rf3 Re1+ 42. Rf1 Re3 43. Rf2 Re1+ 44. Rf1 Re4 45. Rf2 Be3 46. Rf1 Bd4 47. Bd3 Re3 48. Bc4 Kg7 49. Rf3 Re1+ 50. Rf1 Re4 51. Bd3 Re3 52. Bc4 Qe7 53. Qd2 Bc3 54. Qc2 h4 55. gxh4 Qxh4 56. Qf2 Qh3 57. Qg2 Qh5 58. Qc2 Be5 59. Qd2 Bxh2 60. Rf2 Bf4+ 0-1

[Event "WYCC U16 Open 2019"]
[Site "Mumbai"]
[Date "2019.10.03"]
[Round "2.7"]
[White "Aronyak Ghosh"]
[Black "Mohamed Anees M"]
[Result "1-0"]
[ECO "A28"]
[WhiteElo "2380"]
[BlackElo "2126"]
[Annotator "NA"]
[PlyCount "89"]
[EventDate "2019.10.02"]
[EventType "swiss"]
[EventCountry "IND"]
[SourceTitle "playchess.com"]
[Source "ChessBase"]
[SourceQuality "1"]
[TimeControl "40/5400+30:1800+30"]

1. c4 Nf6 2. Nc3 e5 3. Nf3 Nc6 4. e3 Bb4 5. Qc2 Bxc3 6. Qxc3 Qe7 7. b3 O-O 8. Bb2 d6 9. d3 Bf5 10. Be2 Rfe8 11. O-O d5 12. cxd5 Nxd5 13. Qc4 Rad8 14. Rfd1 h6 15. a3 a5 16. Rac1 Nb6 17. Qc3 f6 18. Nd2 Be6 19. Ne4 Nd7 20. h3 f5 21. Nd2 Nb6 22. Nc4 Nd5 23. Qd2 f4 24. e4 Nf6 25. Nxa5 Nd4 26. Bxd4 Rxd4 27. Qc3 c6 28. b4 Qf7 29. Qb2 Qc7 30. Rc3 g5 31. Rdc1 Kh8 32. Nb3 Bxb3 33. Qxb3 Qg7 34. b5 cxb5 35. Qxb5 Rd7 36. Rc8 Rde7 37. Bg4 Qf7 38. Bf5 Ng8 39. R1c5 Rxc8 40. Rxc8 Kg7 41. Qb6 Nf6 42. d4 Nd7 43. Qd8 Nf8 44. dxe5 b5 45. e6 1-0

[Event "WYCC U16 Open 2019"]
[Site "Mumbai"]
[Date "2019.10.03"]
[Round "2.8"]
[White "Isfan, Ioan-Marius"]
[Black "Raja Rithvik R"]
[Result "1/2-1/2"]
[ECO "D38"]
[WhiteElo "2206"]
[BlackElo "2369"]
[Annotator "NA"]
[PlyCount "67"]
[EventDate "2019.10.02"]
[EventType "swiss"]
[EventCountry "IND"]
[SourceTitle "playchess.com"]
[Source "ChessBase"]
[SourceQuality "1"]
[TimeControl "40/5400+30:1800+30"]

1. d4 Nf6 2. Nf3 d5 3. c4 e6 4. Nc3 Bb4 5. Qa4+ Nc6 6. e3 O-O 7. Bd2 Re8 8. Rd1 a6 9. a3 Bd6 10. Bc1 h6 11. c5 Bf8 12. Be2 e5 13. dxe5 Nxe5 14. O-O Bg4 15. Nxe5 Bxe2 16. Nxe2 Rxe5 17. b4 c6 18. Bb2 Re8 19. Bxf6 Qxf6 20. Nd4 g6 21. Qb3 Bg7 22. a4 Qe7 23. Qc2 Qe4 24. Qb3 Qe7 25. Qc2 Qc7 26. Rd3 Re4 27. Rfd1 h5 28. Qb3 Rae8 29. Qa2 Qe7 30. Qa3 Bf8 31. Rc1 Bg7 32. Rcd1 Bf8 33. Rc1 Bg7 34. Rcd1 1/2-1/2

[Event "WYCC U16 Open 2019"]
[Site "Mumbai"]
[Date "2019.10.03"]
[Round "2.9"]
[White "Sankalp Gupta"]
[Black "Fuglestein, Sander"]
[Result "1-0"]
[ECO "B10"]
[WhiteElo "2369"]
[BlackElo "2091"]
[Annotator "NA"]
[PlyCount "77"]
[EventDate "2019.10.02"]
[EventType "swiss"]
[EventCountry "IND"]
[SourceTitle "playchess.com"]
[Source "ChessBase"]
[SourceQuality "1"]
[TimeControl "40/5400+30:1800+30"]

1. e4 c6 2. Nc3 d5 3. Nf3 Nf6 4. e5 Ne4 5. Ne2 Qb6 6. d4 e6 7. Ng3 c5 8. Bd3 Nxg3 9. fxg3 Nc6 10. O-O Be7 11. dxc5 Qxc5+ 12. Kh1 Bd7 13. c3 O-O-O 14. Qe2 f6 15. Be3 Qa5 16. exf6 gxf6 17. b4 Qc7 18. Qf2 Ne5 19. Nxe5 fxe5 20. Bxa7 Rdf8 21. Qg1 h5 22. Bb6 Qb8 23. Rxf8+ Rxf8 24. Rf1 Rxf1 25. Qxf1 Be8 26. Qc1 Qd6 27. Bc5 Qc7 28. Qh6 Qd7 29. Bxe7 Qxe7 30. Qh8 Kc7 31. Qxe5+ Kc8 32. Kg1 Qd7 33. Be2 Qc6 34. g4 hxg4 35. Bxg4 Qb6+ 36. Qd4 Qa6 37. Qxd5 Qa7+ 38. Qc5+ Qxc5+ 39. bxc5 1-0

[Event "WYCC U16 Open 2019"]
[Site "Mumbai"]
[Date "2019.10.03"]
[Round "2.10"]
[White "Tomiello, Lucas Costamilan"]
[Black "Talukdar, Rohan"]
[Result "1-0"]
[ECO "B94"]
[WhiteElo "2107"]
[BlackElo "2369"]
[Annotator "NA"]
[PlyCount "51"]
[EventDate "2019.10.02"]
[EventType "swiss"]
[EventCountry "IND"]
[SourceTitle "playchess.com"]
[Source "ChessBase"]
[SourceQuality "1"]
[TimeControl "40/5400+30:1800+30"]

1. e4 c5 2. Nf3 d6 3. d4 cxd4 4. Nxd4 Nf6 5. Nc3 a6 6. Bg5 Nbd7 7. Qe2 Qa5 8. Bd2 Qc7 9. O-O-O b5 10. g4 e5 11. Nd5 Nxd5 12. exd5 Bb7 13. Bg2 g6 14. Nc6 Nb6 15. f4 Bxc6 16. fxe5 dxe5 17. dxc6 Nc4 18. Bg5 Be7 19. Bh6 Rc8 20. Kb1 Bd6 21. b3 Nb6 22. Qf2 Rd8 23. Qf6 Rg8 24. Rhe1 Nc8 25. Bd5 Nb6 26. Rxe5+ 1-0

[Event "WYCC U16 Open 2019"]
[Site "Mumbai"]
[Date "2019.10.03"]
[Round "3.2"]
[White "Moksh Amit Doshi"]
[Black "Gharibyan, Mamikon"]
[Result "1/2-1/2"]
[ECO "A40"]
[WhiteElo "2328"]
[BlackElo "2388"]
[Annotator "NA"]
[PlyCount "133"]
[EventDate "2019.10.02"]
[EventType "swiss"]
[EventCountry "IND"]
[SourceTitle "playchess.com"]
[Source "ChessBase"]
[SourceQuality "1"]
[WhiteTeam "India"]
[BlackTeam "Armenia"]
[WhiteTeamCountry "IND"]
[BlackTeamCountry "ARM"]
[TimeControl "40/5400+30:1800+30"]

1. d4 Nf6 2. c4 e6 3. g3 d5 4. Nf3 Bb4+ 5. Bd2 Be7 6. Bg2 O-O 7. O-O Nbd7 8. Qc2 Ne4 9. Nc3 Nxd2 10. Nxd2 c6 11. e4 dxe4 12. Ndxe4 f5 13. Nd2 e5 14. dxe5 Nxe5 15. Rfe1 Bf6 16. Nf3 Qd3 17. Qb3 Nxf3+ 18. Bxf3 Qxf3 19. c5+ Kh8 20. Qf7 Be6 21. Qxe6 Bd4 22. Qe2 Qxe2 23. Rxe2 Bxc5 24. Rd1 Rf7 25. Re5 Bf8 26. Ne2 g6 27. b3 Kg8 28. h4 Bg7 29. Re3 Rc7 30. h5 Kf7 31. hxg6+ hxg6 32. Nf4 Bh6 33. Rd6 Bxf4 34. gxf4 Rh8 35. Ree6 Rh6 36. Rf6+ Kg7 37. Rfe6 Kh7 38. Kg2 Rg7 39. Kf3 Rh3+ 40. Kg2 Rh4 41. Kg3 Rh1 42. Re8 Rg1+ 43. Kf3 Rc7 44. Rdd8 Kg7 45. Ra8 a6 46. Reb8 Ra1 47. Ra7 Rxa2 48. Raxb7 Rxb7 49. Rxb7+ Kh6 50. Rb6 c5 51. Rc6 Ra5 52. Kg3 Ra3 53. Rxc5 Rxb3+ 54. f3 Rb8 55. Ra5 Ra8 56. Kh3 Kg7 57. Kg3 Kf7 58. Kh3 Ke6 59. Kh4 Kf7 60. Kg3 Kf6 61. Kh3 Ke7 62. Kh4 Ra7 63. Kg5 Kf7 64. Kh4 Kf6 65. Kh3 Ra8 66. Kg3 Ke6 67. Kh4 1/2-1/2

[Event "WYCC U16 Open 2019"]
[Site "Mumbai"]
[Date "2019.10.03"]
[Round "3.4"]
[White "Makarian, Rudik"]
[Black "Turgut, Aydin"]
[Result "1-0"]
[ECO "D38"]
[WhiteElo "2386"]
[BlackElo "2281"]
[Annotator "NA"]
[PlyCount "79"]
[EventDate "2019.10.02"]
[EventType "swiss"]
[EventCountry "IND"]
[SourceTitle "playchess.com"]
[Source "ChessBase"]
[SourceQuality "1"]
[TimeControl "40/5400+30:1800+30"]

1. Nf3 d5 2. d4 Nf6 3. c4 e6 4. Nc3 Bb4 5. Qb3 a5 6. Bg5 Nc6 7. a3 a4 8. Qc2 Bxc3+ 9. Qxc3 h6 10. Bxf6 Qxf6 11. e3 O-O 12. Be2 Qe7 13. Rc1 Bd7 14. O-O Rfc8 15. Nd2 Qf6 16. Bf3 Ra5 17. b4 axb3 18. Qxb3 dxc4 19. Nxc4 Ra7 20. Rfd1 Qe7 21. Qb2 Nd8 22. e4 Ra6 23. Rc3 Ba4 24. Rdc1 Bc6 25. d5 exd5 26. exd5 Bd7 27. Re3 Qf6 28. Qb4 c5 29. Qe1 b5 30. Ne5 Bf5 31. g4 Qg5 32. h4 Qxh4 33. gxf5 Qg5+ 34. Bg2 Rc7 35. Rxc5 Rxc5 36. Nd7 Qxf5 37. Re8+ Kh7 38. Nf8+ Kg8 39. Ne6+ Kh7 40. Be4 1-0

[Event "WYCC U16 Open 2019"]
[Site "Mumbai"]
[Date "2019.10.03"]
[Round "3.6"]
[White "Sarzhanov, Chingizkhan"]
[Black "Sankalp Gupta"]
[Result "0-1"]
[ECO "C00"]
[WhiteElo "2069"]
[BlackElo "2369"]
[Annotator "NA"]
[PlyCount "48"]
[EventDate "2019.10.02"]
[EventType "swiss"]
[EventCountry "IND"]
[SourceTitle "playchess.com"]
[Source "ChessBase"]
[SourceQuality "1"]
[WhiteTeam "Kazakhstan"]
[BlackTeam "India"]
[WhiteTeamCountry "KAZ"]
[BlackTeamCountry "IND"]
[TimeControl "40/5400+30:1800+30"]

1. e4 e6 2. Qe2 c5 3. Nf3 Nc6 4. b3 d6 5. Bb2 Nf6 6. g3 e5 7. Bg2 g6 8. O-O Bg7 9. c3 O-O 10. d4 exd4 11. cxd4 Re8 12. dxc5 Rxe4 13. Qd1 dxc5 14. Ne5 Qxd1 15. Rxd1 Rxe5 16. Bxc6 Re6 17. Rd8+ Bf8 18. Bf3 Re1+ 19. Kg2 Bh3+ 20. Kxh3 Rxd8 21. Bxf6 Rd3 22. Bxb7 Bg7 23. Nd2 Rxa1 24. Bxa1 Rxd2 0-1

[Event "WYCC U16 Open 2019"]
[Site "Mumbai"]
[Date "2019.10.03"]
[Round "3.7"]
[White "Manafov, Vugar"]
[Black "Tomiello, Lucas Costamilan"]
[Result "0-1"]
[ECO "E63"]
[WhiteElo "2357"]
[BlackElo "2107"]
[Annotator "NA"]
[PlyCount "62"]
[EventDate "2019.10.02"]
[EventType "swiss"]
[EventCountry "IND"]
[SourceTitle "playchess.com"]
[Source "ChessBase"]
[SourceQuality "1"]
[WhiteTeam "Azerbaijan"]
[BlackTeam "Brazil"]
[WhiteTeamCountry "AZE"]
[BlackTeamCountry "BRA"]
[TimeControl "40/5400+30:1800+30"]

1. d4 Nf6 2. c4 g6 3. Nc3 Bg7 4. g3 O-O 5. Bg2 d6 6. Nf3 Nc6 7. O-O a6 8. h3 Bd7 9. e4 Rb8 10. e5 Ne8 11. Qe2 b5 12. b3 b4 13. Nd5 e6 14. Bg5 Nxd4 15. Qe3 Nxf3+ 16. Bxf3 f6 17. exf6 Nxf6 18. Nf4 Qc8 19. h4 e5 20. Bxf6 Bxf6 21. Nd5 Bd8 22. h5 g5 23. c5 Be6 24. Rac1 Qd7 25. cxd6 cxd6 26. Rfd1 Qf7 27. Kg2 g4 28. Be4 Rb5 29. Qd2 Kh8 30. Rc2 a5 31. Qh6 Bxd5 0-1

[Event "WYCC U16 Open 2019"]
[Site "Mumbai"]
[Date "2019.10.03"]
[Round "3.8"]
[White "Avila Pavas, Santiago"]
[Black "Wu, Hao"]
[Result "1-0"]
[ECO "A04"]
[WhiteElo "2406"]
[BlackElo "1835"]
[Annotator "NA"]
[PlyCount "117"]
[EventDate "2019.10.02"]
[EventType "swiss"]
[EventCountry "IND"]
[SourceTitle "playchess.com"]
[Source "ChessBase"]
[SourceQuality "1"]
[WhiteTeam "Colombia"]
[BlackTeam "China"]
[WhiteTeamCountry "COL"]
[BlackTeamCountry "CHN"]
[TimeControl "40/5400+30:1800+30"]

1. Nf3 c5 2. b3 Nf6 3. Bb2 e6 4. g3 b6 5. Bg2 Bb7 6. O-O d5 7. d3 Be7 8. Nbd2 O-O 9. Re1 Nc6 10. c4 d4 11. a3 Qd7 12. Qc2 Rad8 13. Rad1 Ng4 14. Nf1 Bf6 15. h3 Nge5 16. N1h2 Qc7 17. Bc1 Nxf3+ 18. exf3 Be7 19. f4 Nb8 20. Nf3 Nd7 21. f5 Bxf3 22. Bxf3 Ne5 23. Qe2 Nxf3+ 24. Qxf3 exf5 25. Qxf5 Bd6 26. Re4 Qd7 27. Qxd7 Rxd7 28. Rde1 h6 29. Kg2 f5 30. Re6 f4 31. g4 f3+ 32. Kf1 Kh7 33. h4 Rff7 34. R1e4 g6 35. Kg1 Be7 36. g5 hxg5 37. hxg5 Bd6 38. Rh4+ Kg8 39. Rh6 Rde7 40. Rhxg6+ Kf8 41. Rxd6 Re1+ 42. Kh2 Rxc1 43. Rd8+ Ke7 44. Ra8 Rc3 45. Rxa7+ Kf8 46. Ra8+ Ke7 47. Rxb6 Rc1 48. Rg6 Rc3 49. Rb6 Rc1 50. Rb7+ Ke6 51. Ra6+ Ke5 52. Rb5 Rg7 53. Rxc5+ Kf4 54. Rd6 Rh7+ 55. Rh6 Rxh6+ 56. gxh6 Rf1 57. h7 Rxf2+ 58. Kg1 Rg2+ 59. Kh1 1-0

[Event "WYCC U16 Open 2019"]
[Site "Mumbai"]
[Date "2019.10.03"]
[Round "3.10"]
[White "Raja Rithvik R"]
[Black "Amatya, Pramit"]
[Result "1-0"]
[ECO "E04"]
[WhiteElo "2369"]
[BlackElo "1719"]
[Annotator "NA"]
[PlyCount "101"]
[EventDate "2019.10.02"]
[EventType "swiss"]
[EventCountry "IND"]
[SourceTitle "playchess.com"]
[Source "ChessBase"]
[SourceQuality "1"]
[WhiteTeam "India"]
[BlackTeam "Nepal"]
[WhiteTeamCountry "IND"]
[BlackTeamCountry "NEP"]
[TimeControl "40/5400+30:1800+30"]

1. d4 Nf6 2. c4 e6 3. g3 d5 4. Nf3 dxc4 5. Bg2 Bd7 6. Ne5 Bc6 7. Nxc6 Nxc6 8. O-O Be7 9. Qa4 O-O 10. Rd1 Nd5 11. Qxc4 Qd7 12. Nc3 Rfd8 13. e3 a6 14. Qe2 Nb6 15. Bd2 Rab8 16. Rac1 Bb4 17. a3 Bxc3 18. Bxc3 Ne7 19. Ba5 Rdc8 20. Rc2 Nbd5 21. e4 Nf6 22. Bc3 Ne8 23. Rcd2 c6 24. h4 Nc7 25. b3 Rd8 26. Ba5 b6 27. Bc3 Nb5 28. Bb2 Qe8 29. Qg4 Qf8 30. a4 Nc7 31. Ba3 Qe8 32. Rc1 Rd7 33. Rdc2 Rxd4 34. Bb2 e5 35. Bxd4 exd4 36. e5 c5 37. a5 Ne6 38. Qe2 Qb5 39. Qxb5 axb5 40. axb6 Rxb6 41. Bh3 c4 42. bxc4 bxc4 43. Rxc4 g6 44. Re1 Nf5 45. Kg2 Rb2 46. Rc8+ Kg7 47. Bxf5 gxf5 48. h5 f4 49. h6+ Kg6 50. Rg8+ Kf5 51. g4# 1-0

[Event "WYCC U16 Open 2019"]
[Site "Mumbai"]
[Date "2019.10.03"]
[Round "3.14"]
[White "Tomiello, Mateus Costamilan"]
[Black "Tarlabasi, Emirhan"]
[Result "0-1"]
[ECO "C00"]
[WhiteElo "2030"]
[BlackElo "2365"]
[Annotator "NA"]
[PlyCount "62"]
[EventDate "2019.10.02"]
[EventType "swiss"]
[EventCountry "IND"]
[SourceTitle "playchess.com"]
[Source "ChessBase"]
[SourceQuality "1"]
[WhiteTeam "Brazil"]
[BlackTeam "Turkey"]
[WhiteTeamCountry "BRA"]
[BlackTeamCountry "TUR"]
[TimeControl "40/5400+30:1800+30"]

1. e4 e6 2. d3 d5 3. Nd2 Nf6 4. Ngf3 c5 5. g3 Nc6 6. Bg2 Be7 7. O-O O-O 8. e5 Nd7 9. Re1 b5 10. Nf1 a5 11. h4 Bb7 12. Bf4 Qc7 13. N1h2 Rfc8 14. Ng4 h6 15. c4 bxc4 16. dxc4 dxc4 17. Nd2 Nd4 18. Ne4 Bf8 19. Rc1 Rab8 20. Qd2 h5 21. Ne3 Nxe5 22. Bxe5 Qxe5 23. Nxc4 Qf5 24. Qe3 Rd8 25. Nxa5 Bd5 26. Nc4 Bxc4 27. Rxc4 Rxb2 28. Qa3 Rdb8 29. Kh2 Nc2 30. Rxc2 Rxc2 31. Qd3 Rxa2 0-1

[Event "WYCC U16 Open 2019"]
[Site "Mumbai"]
[Date "2019.10.04"]
[Round "4.3"]
[White "Raja Rithvik R"]
[Black "Niemann, Hans Moke"]
[Result "0-1"]
[ECO "B39"]
[WhiteElo "2369"]
[BlackElo "2439"]
[Annotator "NA"]
[PlyCount "67"]
[EventDate "2019.10.02"]
[EventType "swiss"]
[EventCountry "IND"]
[SourceTitle "playchess.com"]
[Source "ChessBase"]
[SourceQuality "1"]
[TimeControl "40/5400+30:1800+30"]

1. c4 g6 2. Nf3 Bg7 3. d4 c5 4. e4 cxd4 5. Nxd4 Nc6 6. Be3 Nf6 7. Nc3 Ng4 8. Qxg4 Nxd4 9. Qd1 e5 10. Bd3 d6 11. O-O O-O 12. Qd2 Be6 13. Bxd4 exd4 14. Ne2 Qb6 15. Rad1 Rfc8 16. b3 a5 17. h3 a4 18. Bc2 axb3 19. axb3 Ra2 20. Nc1 Ra3 21. Nd3 Qa7 22. Nb4 Qa5 23. f4 b5 24. f5 Bd7 25. f6 Bf8 26. Nd5 Qxd2 27. Rxd2 bxc4 28. bxc4 Ra2 29. Rff2 Rxc4 30. Bb3 Ra1+ 31. Kh2 Ra3 32. Rf3 Rc8 33. Ba2 Rxf3 34. gxf3 0-1

[Event "WYCC U16 Open 2019"]
[Site "Mumbai"]
[Date "2019.10.04"]
[Round "4.10"]
[White "Tarlabasi, Emirhan"]
[Black "Wartiovaara, Oliver"]
[Result "1-0"]
[ECO "D86"]
[WhiteElo "2365"]
[BlackElo "2232"]
[Annotator "NA"]
[PlyCount "69"]
[EventDate "2019.10.02"]
[EventType "swiss"]
[EventCountry "IND"]
[SourceTitle "playchess.com"]
[Source "ChessBase"]
[SourceQuality "1"]
[TimeControl "40/5400+30:1800+30"]

1. d4 Nf6 2. c4 g6 3. Nc3 d5 4. cxd5 Nxd5 5. e4 Nxc3 6. bxc3 Bg7 7. Bc4 c5 8. Ne2 O-O 9. Be3 Nc6 10. Rc1 cxd4 11. cxd4 Qa5+ 12. Kf1 Qa3 13. Rc3 Qd6 14. h4 h5 15. f3 Na5 16. Bd3 Bd7 17. e5 Qb4 18. Qd2 Bb5 19. Kf2 Bxd3 20. Qxd3 Rfc8 21. Rb1 Qa4 22. Rbc1 Rxc3 23. Qxc3 Nc6 24. a3 e6 25. Qb2 Rb8 26. Nc3 Qa5 27. Ne4 Bf8 28. Rxc6 Bxa3 29. Qc3 Qxc3 30. Rxc3 Bb4 31. Rc7 a5 32. Bh6 Kh7 33. Rxf7+ Kxh6 34. Ng5 Rh8 35. Rxb7 1-0

[Event "WYCC U16 Open 2019"]
[Site "Mumbai"]
[Date "2019.10.04"]
[Round "4.14"]
[White "Soto, Miguel Angel"]
[Black "Fuglestein, Sander"]
[Result "1-0"]
[ECO "B15"]
[WhiteElo "2283"]
[BlackElo "2091"]
[Annotator "NA"]
[PlyCount "81"]
[EventDate "2019.10.02"]
[EventType "swiss"]
[EventCountry "IND"]
[SourceTitle "playchess.com"]
[Source "ChessBase"]
[SourceQuality "1"]
[TimeControl "40/5400+30:1800+30"]

1. e4 c6 2. d4 d5 3. Nc3 dxe4 4. Nxe4 Nf6 5. Nxf6+ exf6 6. c3 Bd6 7. Bd3 O-O 8. Qc2 Re8+ 9. Ne2 h5 10. O-O Qc7 11. h3 Nd7 12. Bd2 Nf8 13. Rfe1 Be6 14. c4 g6 15. b3 Rad8 16. Bc3 Nh7 17. Kh1 Qd7 18. Ng1 Bc7 19. Rf1 Qd6 20. f4 Bc8 21. c5 Qd5 22. f5 g5 23. Qd1 h4 24. Bc4 Qd7 25. Qh5 Re3 26. Bb2 Rf8 27. Rad1 Qe7 28. d5 cxd5 29. Bxd5 b6 30. Nf3 Bf4 31. Nxh4 Kg7 32. Rxf4 gxf4 33. Qg4+ Kh8 34. Qxf4 bxc5 35. Bxf7 Kg7 36. Bc4 Re1+ 37. Kh2 Rxd1 38. Qg4+ Ng5 39. Qxg5+ Kh7 40. Qg6+ Kh8 41. Qh6+ 1-0

[Event "WYCC U16 Open 2019"]
[Site "Mumbai"]
[Date "2019.10.04"]
[Round "4.15"]
[White "Soham Kamotra"]
[Black "Bilych, Olexiy"]
[Result "0-1"]
[ECO "A14"]
[WhiteElo "2091"]
[BlackElo "2281"]
[Annotator "NA"]
[PlyCount "86"]
[EventDate "2019.10.02"]
[EventType "swiss"]
[EventCountry "IND"]
[SourceTitle "playchess.com"]
[Source "ChessBase"]
[SourceQuality "1"]
[TimeControl "40/5400+30:1800+30"]

1. c4 Nf6 2. g3 e6 3. Bg2 d5 4. Nf3 Be7 5. O-O O-O 6. b3 b6 7. Bb2 Bb7 8. e3 c5 9. Qe2 Nc6 10. d3 Qc7 11. Nc3 Rad8 12. Rac1 Qb8 13. Rfd1 Qa8 14. cxd5 Nxd5 15. Nxd5 Rxd5 16. d4 cxd4 17. Nxd4 Nxd4 18. Rxd4 Rxd4 19. Bxb7 Qxb7 20. Bxd4 Rc8 21. Rxc8+ Qxc8 22. Kg2 Qd7 23. Qf3 f6 24. Qe4 g6 25. g4 Kf7 26. Qf3 Qb5 27. Qa8 e5 28. Bc3 Qc5 29. Bd2 Qd6 30. Bc3 Qd3 31. Qc6 Bc5 32. Be1 Qd1 33. Qc7+ Kg8 34. Qc8+ Kg7 35. Bc3 Qd5+ 36. Kg3 Qd3 37. Be1 Bxe3 38. Qc3 Bf4+ 39. Kg2 Qe4+ 40. f3 Qe2+ 41. Bf2 e4 42. fxe4 Qxe4+ 43. Kh3 Qh1 0-1